cohdb
Replays
Latest Replays
All Replays
Popular Replays
Top Player Replays
Match Explorer
How It Works
Community
CoH3 Stats
Reddit
Sign in to upload your games and track your stats! →
Sign in with Steam
Match 40991444
Unlisted
Match 40991444
Overview
Messages
Build Orders
End
Scout Squad
Construct Barracks
Riflemen Squad
Riflemen Squad
Infantry Support Center
Selects Special Operations Battlegroup
Engineer Squad
Riflemen Squad
Selects M29 Weasel with M1 Pack Howitzer
M29 Weasel with M1 Pack Howitzer
Construct Motor Pool
M24 Chaffee Light Tank
Selects Raiding Flares
Grenade Package
Construct Medical Station
Esdra
MasterStef
0
0
Comments
sign in to comment!
No comments posted yet!